 Dungeon Crawl Stone Soup version 0.24-a0-611-gfb3efd0 (webtiles) character file.

Game seed: 17712090079476882908, levelgen mode: classic

7957 KarmaPolice the Covert (level 11, -5/86 HPs)
             Began as a Vampire Assassin on Aug 26, 2019.
             Was a Priest of Makhleb.
             Slain by a spiny frog (6 damage)
             ... on level 9 of the Dungeon on Sept 9, 2019.
             The game lasted 01:08:43 (12156 turns).

KarmaPolice the Covert (Vampire Assassin)          Turns: 12156, Time: 01:08:44

Health: -5/86      AC:  6    Str: 11    XL:     11   Next: 3%
Magic:  0/15       EV: 14    Int: 13    God:    Makhleb [***...]
Gold:   474        SH:  4    Dex: 19    Spells: 10/10 levels left

rFire    . . .     SeeInvis +   h - +4 scimitar (flame)
rCold    . . .     Gourm    .   (no shield)
rNeg     . . .     Faith    .   b - +0 robe
rPois    .         Spirit   +   (no helmet)
rElec    .         Reflect  .   p - +2 cloak
rCorr    .         Harm     .   q - +0 pair of gloves
MR       +++..                  (no boots)
Stlth    +++++.....             M - amulet of guardian spirit
HPRegen  0.44/turn              s - ring of protection from magic
MPRegen  0.14/turn              t - ring of protection from magic

@: lethally poisoned (-5 -> -9), regenerating quickly
A: no food, fangs 3, repulsion field 1, large bone plates 1, see invisible,
unbreathing
a: Exsanguinate, Minor Destruction, Lesser Servant of Makhleb, Renounce Religion


You were on level 9 of the Dungeon.
You worshipped Makhleb.
Makhleb was most pleased with you.
You were alive.

You visited 3 branches of the dungeon, and saw 13 of its levels.

You collected 474 gold pieces.

Inventory:

Hand Weapons
 h - a +4 scimitar of flaming (weapon)
 o - a +0 falchion
 I - the +6 quarterstaff of Kenost {drain, rElec rPois rF- Str+4 Int-3, unknown}
   (You found it on level 8 of the Dungeon)

   A truly terrible weapon, it drains the life of those it strikes.
   It affects your strength (+4).
   It affects your intelligence (-3).
   It makes you vulnerable to fire.
   It insulates you from electricity.
   It protects you from poison.
 J - a +2 dagger of speed
 N - the +0 rapier of Tusezo Tigas {pierce, Stlth+}
   (You found it on level 9 of the Dungeon)

   It inflicts extra damage upon your enemies.
   It makes you more stealthy.
Missiles
 d - 39 poisoned darts (quivered)
 r - 3 boomerangs
 K - 6 atropa-tipped darts
Armour
 b - a +0 robe (worn)
 e - a +2 chain mail of magic resistance
 i - a scarf of cloud immunity
 p - a +2 cloak (worn)
 q - a +0 pair of gloves (worn)
 H - the +0 ring mail of Trog's Approval {Int-5 Dex+6}
   (You found it on level 7 of the Dungeon)

   It affects your intelligence (-5).
   It affects your dexterity (+6).
 O - the +4 scale mail of Youthful Indiscretion {*Slow Dex+4 Slay+6}
   (You found it on level 9 of the Dungeon)

   It affects your dexterity (+4).
   It affects your accuracy and damage with ranged weapons and melee attacks
   (+6).
   It may slow you when you take damage.
Jewellery
 a - an uncursed amulet of harm {unknown}
 f - an uncursed ring of wizardry
 s - a ring of protection from magic (left hand)
 t - a ring of protection from magic (right hand)
 L - an uncursed ring of fire
 M - an amulet of guardian spirit (around neck)
Wands
 x - a wand of random effects (11)
 y - a wand of flame (34)
Scrolls
 c - 4 scrolls of enchant armour
 g - 2 scrolls of amnesia
 k - a scroll of identify
 v - 2 scrolls of remove curse
 D - a scroll of acquirement
Potions
 j - 2 potions of lignification
 n - 2 potions of flight
 u - a potion of degeneration
 w - a potion of invisibility
 A - a potion of resistance


   Skills:
 + Level 7.8 Fighting
 - Level 3.0(6.4) Short Blades
 - Level 8.2(8.4) Long Blades
 + Level 7.3 Throwing
 + Level 0.1 Armour
 - Level 1.1 Dodging
 - Level 10.5 Stealth
 + Level 6.0 Evocations


You had 10 spell levels left.
You didn't know any spells.
Your spell library contained the following spells:

 Spells                   Type           Power        Failure   Level  Hunger
 Summon Small Mammal      Summ           #...         30%         1    N/A
 Call Imp                 Summ           #.......     43%         2    N/A
 Passwall                 Tmut/Erth      #.......     43%         2    N/A
 Swiftness                Chrm/Air       #.......     43%         2    N/A
 Call Canine Familiar     Summ           #.......     67%         3    N/A
 Summon Guardian Golem    Hex/Summ       #.......     67%         3    N/A
 Passage of Golubria      Tloc           N/A          97%         4    N/A
 Summon Ice Beast         Ice/Summ       #.......     97%         4    N/A
 Summon Lightning Spire   Summ/Air       #.......     97%         4    N/A
 Lee's Rapid Deconstruct  Erth           #.........   100%        5    N/A
 Darkness                 Hex            #.........   100%        6    N/A
 Invisibility             Hex            #.......     100%        6    N/A
 Malign Gateway           Summ/Tloc      #.........   100%        7    N/A
 Monstrous Menagerie      Summ           #.........   100%        7    N/A
 Summon Greater Demon     Summ           #.........   100%        7    N/A
 Summon Horrible Things   Summ           #.........   100%        8    N/A

Dungeon Overview and Level Annotations

Branches:
Dungeon (11/15)            Temple (1/1) D:5            Lair (1/6) D:9
    Orc: D:9-12

Altars:
Ashenzari
Cheibriados
Dithmenos
Elyvilon
Fedhas
Gozag
Hepliaklqana
Kikubaaqudgha
Makhleb
Ru
Sif Muna
Vehumet
Wu Jian
Yredelemnul
Zin

Shops:
D:4 [

Annotations:
D:3 1 runed translucent door
D:4 Eustachio, Grinder
D:10 Josephine
D:11 Harold


Innate Abilities, Weirdness & Mutations

You do not eat.
Your natural rate of healing is unusually fast.
You have razor-sharp teeth.
You have supernaturally acute eyesight. (SInv)
You can survive without breathing.
You are surrounded by a mild repulsion field. (EV +2)
You are partially covered in large bone plates. (SH +4)


Message History

There is a staircase to the Lair here.
You feel sick.
The spiny frog looks more healthy.
You feel sick.
Evoke which item? (* to show all) (? for menu, Esc to quit)
Aiming: Throw Flame
Press: ? - help, Shift-Dir - straight line, f - spiny frog
Aim: a spiny frog (almost dead)
The puff of flame hits the spiny frog but does no damage.
The spiny frog is almost dead.
You feel sick. The spiny frog stings you!!
* * * LOW HITPOINT WARNING * * *
Okay, then.
Evoke which item? (* to show all) (? for menu, Esc to quit)
Aiming: Random Effects
Press: ? - help, Shift-Dir - straight line, f/p - spiny frog
Aim: a spiny frog (almost dead)
The spiny frog looks slightly unstable.
* * * LOW HITPOINT WARNING * * *
You feel sick. The spiny frog stings you!
You die...

.................##########......
.#############.).# #..####
.###########.....##########..####
..†.....##.........##............
........#.......P...#............
.#######.........................
.# #.......>).......##########
.######........F.................
...).[..#...P...@...#............
##########.........#######.######
###.....### #.# ##...## #.# #...#
#.# #############...# #.#
................##########.######
..[..............................
.................................


You could see a spiny frog.

Vanquished Creatures
  Erica (D:9)
  3 two-headed ogres
  Nergalle (D:11)
  A komodo dragon (D:9)
  Sigmund (D:5)
  2 wraiths (D:9)
  Menkaure (D:7)
  Edmund (D:5)
  2 wargs (D:9)
  3 orc warriors
  2 sky beasts
  A black bear (D:9)
  A necrophage (D:7)
  7 ogres
  3 centaurs
  2 crocodiles
  6 bullfrogs
  A wyvern skeleton (D:10)
  3 scorpions
  A water moccasin skeleton (D:8)
  2 howler monkeys
  2 crimson imps
  A bullfrog zombie (D:5)
  A quasit (D:8)
  4 hounds
  2 orc priests
  8 orc wizards
  Crazy Yiuf (D:7)
  2 bullfrog skeletons
  2 centaur skeletons
  An iguana (D:8)
  4 worker ants
  A hound skeleton (D:4)
  4 gnolls (D:3)
  9 adders
  An adder skeleton (D:5)
  A worm (D:4)
  A dart slug (D:1)
  7 leopard geckos
  25 orcs
  5 bats
  5 giant cockroaches
  2 gnoll zombies (D:9)
  5 goblins
  7 hobgoblins
  11 jackals
  5 kobolds
  7 quokkas
  2 ball pythons (D:3)
  3 frilled lizards
  A jackal skeleton (D:4)
  2 leopard gecko skeletons
  5 rats
182 creatures vanquished.

Vanquished Creatures (others)
  An adder (D:11)
1 creature vanquished.

Grand Total: 183 creatures vanquished

Notes
Turn   | Place    | Note
-------+----------+-------------------------------------------
     0 | D:1      | KarmaPolice the Vampire Assassin began the quest for the
                  | Orb.
     0 | D:1      | Reached XP level 1. HP: 16/16 MP: 1/1
    79 | D:1      | Reached skill level 6 in Stealth
   120 | D:1      | Reached XP level 2. HP: 22/22 MP: 2/2
   738 | D:2      | Reached XP level 3. HP: 27/27 MP: 3/3
  1053 | D:2      | Upgraded the game from 0.24-a0-581-gc0fa660 to
                  | 0.24-a0-582-g4d4af81
  1105 | D:3      | Reached XP level 4. HP: 19/34 MP: 4/4
  1325 | D:3      | Found a glowing silver altar of Zin.
  1325 | D:3      | Found a runed translucent door.
  1325 | D:3      | Noticed an angel
  1400 | D:3      | Found a faded altar of an unknown god.
  1725 | D:3      | Found a snail-covered altar of Cheibriados.
  1737 | D:3      | Found a burning altar of Makhleb.
  1855 | D:3      | Reached skill level 1 in Long Blades
  1861 | D:3      | Reached skill level 7 in Stealth
  1861 | D:3      | Reached XP level 5. HP: 37/40 MP: 5/5
  1894 | D:3      | Became a worshipper of Makhleb the Destroyer
  1903 | D:3      | Found a shattered altar of Ashenzari.
  1906 | D:3      | Found an ornate altar of the Wu Jian Council.
  2122 | D:4      | Noticed an ogre
  2216 | D:4      | Noticed Eustachio
  2674 | D:4      | Killed an ogre
  2674 | D:4      | Reached XP level 6. HP: 47/47 MP: 6/6
  2756 | D:4      | Found a sacrificial altar of Ru.
  2849 | D:4      | Noticed Grinder
  2991 | D:5      | Entered Level 5 of the Dungeon
  3173 | D:4      | Gained mutation: You are frail. (-10% HP) [potion of
                  | mutation]
  3173 | D:4      | Gained mutation: You are weak. (Str -2) [potion of
                  | mutation]
  3173 | D:4      | Gained mutation: Your body sometimes deteriorates upon
                  | taking damage. [potion of mutation]
  3173 | D:4      | Gained mutation: You have sharp toenails. [potion of
                  | mutation]
  3174 | D:4      | Lost mutation: You have sharp toenails. [potion of
                  | mutation]
  3174 | D:4      | Lost mutation: You are weak. (Str -2) [potion of mutation]
  3174 | D:4      | Lost mutation: Your body sometimes deteriorates upon taking
                  | damage. [potion of mutation]
  3174 | D:4      | Lost mutation: You are frail. (-10% HP) [potion of
                  | mutation]
  3174 | D:4      | Gained mutation: You are agile. (Dex +2) [potion of
                  | mutation]
  3174 | D:4      | Gained mutation: You have large cloven feet. [potion of
                  | mutation]
  3181 | D:4      | Paralysed by Grinder for 2 turns
  3197 | D:5      | Reached skill level 8 in Stealth
  3322 | D:5      | Found a staircase to the Ecumenical Temple.
  3331 | Temple   | Entered the Ecumenical Temple
  3420 | D:5      | Reached XP level 7. HP: 36/53 MP: 7/7
  3546 | D:5      | Reached * piety under Makhleb
  3844 | D:5      | Noticed Sigmund
  3946 | D:5      | Killed Sigmund
  3946 | D:5      | Reached skill level 9 in Stealth
  3949 | D:5      | Noticed Edmund
  4152 | D:4      | Upgraded the game from 0.24-a0-582-g4d4af81 to
                  | 0.24-a0-583-g87330a4
  4388 | D:4      | Found Quor's Armour Shop.
  4414 | D:4      | Reached XP level 8. HP: 55/61 MP: 8/8
  4739 | D:5      | Upgraded the game from 0.24-a0-583-g87330a4 to
                  | 0.24-a0-611-gfb3efd0
  4769 | D:5      | Killed Edmund
  5167 | D:6      | Found a radiant altar of Vehumet.
  5804 | D:7      | Reached skill level 1 in Evocations
  5961 | D:7      | Noticed a two-headed ogre
  6274 | D:6      | Killed a two-headed ogre
  6274 | D:6      | Reached skill level 5 in Fighting
  6274 | D:6      | Reached skill level 5 in Long Blades
  6274 | D:6      | Reached skill level 5 in Throwing
  6274 | D:6      | Reached skill level 10 in Stealth
  6274 | D:6      | Reached XP level 9. HP: 68/68 MP: 8/10
  6555 | D:7      | Found a runed translucent door.
  6556 | D:7      | Noticed Crazy Yiuf
  6649 | D:7      | Killed Crazy Yiuf
  6723 | D:7      | Noticed Menkaure
  6731 | D:7      | Killed Menkaure
  7118 | D:7      | Got a transparent ring mail
  7460 | D:8      | Got a translucent quarterstaff
  7514 | D:8      | Reached ** piety under Makhleb
  7795 | D:8      | Found a hazy altar of Hepliaklqana.
  8096 | D:9      | Noticed a two-headed ogre
  8574 | D:8      | Killed a two-headed ogre
  8760 | D:9      | Found a basalt altar of Yredelemnul.
  8887 | D:9      | Reached XP level 10. HP: 67/77 MP: 13/13
  9090 | D:9      | Noticed a two-headed ogre
  9119 | D:9      | Killed a two-headed ogre
  9212 | D:9      | Got an iridescent rapier
  9222 | D:9      | Got a fine scale mail
  9227 | D:9      | Noticed Erica
  9343 | D:9      | Identified the cursed +0 rapier of Tusezo Tigas {pierce,
                  | Stlth+} (You found it on level 9 of the Dungeon)
  9354 | D:9      | Identified the cursed +0 ring mail of Trog's Approval
                  | {Int-5 Dex+6} (You found it on level 7 of the Dungeon)
  9528 | D:9      | Found a staircase to the Lair.
  9815 | D:10     | Entered Level 10 of the Dungeon
  9946 | D:10     | Noticed Josephine
  9966 | D:10     | Noticed a gargoyle
 10002 | D:9      | Lost mutation: You have large cloven feet. [potion of
                  | mutation]
 10002 | D:9      | Lost mutation: You are agile. (Dex +2) [potion of mutation]
 10002 | D:9      | Gained mutation: You are surrounded by a mild repulsion
                  | field. (EV +2) [potion of mutation]
 10002 | D:9      | Gained mutation: You are partially covered in large bone
                  | plates. (SH +4) [potion of mutation]
 10014 | D:9      | Reached skill level 5 in Evocations
 10313 | D:10     | Identified the +4 scale mail of Youthful Indiscretion
                  | {*Slow Dex+4 Slay+6} (You found it on level 9 of the
                  | Dungeon)
 10314 | D:10     | Identified a scroll of acquirement
 10602 | D:11     | Noticed Nergalle
 10663 | D:11     | Noticed a green ugly thing
 10729 | D:11     | Killed Nergalle
 11060 | D:11     | Noticed Harold
 11337 | D:9      | Reached *** piety under Makhleb
 11569 | D:9      | Killed Erica
 11819 | Lair:1   | Entered Level 1 of the Lair of Beasts
 11913 | D:9      | Reached XP level 11. HP: 75/86 MP: 15/15
 12155 | D:9      | HP: 1/86 [spiny frog (18)]
 12156 | D:9      | Slain by a spiny frog

Levels and vault maps discovered:
D:1:      elethiomel_arrival_shortcut, layout_loops_ring
D:2:      layout_rooms, minmay_misc_feat_square
D:3:      layout_basic, grunt_temple_overflow_cloverleaf,
          chequers_ecumenical_altar_lobes, first_ration, grunt_ministairs_7,
          lemuel_angel_altar
D:4:      layout_loops_ring, hangedman_ru_absence, serial_shops, shop,
          uniq_eustachio, uniq_grinder
D:5:      layout_loops_ring, minmay_temple_entry_trees, corner_web_ring,
          sigmund_edmund_badplayer, uniq_edmund
D:6:      layout_cave_pods, vehumet_altar_wand_db, minmay_misc_feat_cross,
          hangedman_abyss_or_decor_stabs
D:7:      layout_gridville, uniq_crazy_yiuf_cottage, uniq_menkaure
D:8:      layout_basic, old_standard_altar
D:9:      layout_long_grid, lemuel_zombie_altar_yredelemnul,
          erik_lair_orcish_takeover, uniq_erica
D:10:     layout_roguey, uniq_josephine
D:11:     layout_basic, uniq_harold, uniq_nergalle, uniq_erolcha
Temple:   eino_temple_lava
Lair:1:   layout_roguey

Skill      XL: |  1  2  3  4  5  6  7  8  9 10 |
---------------+-------------------------------+-----
Stealth        | 6 7 8 9 10 | 10.5
Fighting       | 2 3 4 5 6 7 |  7.8
Throwing       | 2 3 4 5 6 7 |  7.3
Short Blades   | 3 |  3.0
Long Blades    | 1 2 4 5 6 8 |  8.2
Evocations     | 2 4 6 |  6.0
Armour         | |  0.1
Dodging        | |  1.1

Action                   |  1- 3 |  4- 6 |  7- 9 | 10-12 || total
-------------------------+-------+-------+-------+-------++-------
Melee: Dagger            |    99 |   126 |   201 |    35 ||   461
       Bite              |     4 |    13 |    21 |    26 ||    64
       Kick              |       |    17 |    52 |    40 ||   109
       Rapier            |       |       |       |   212 ||   212
       Scimitar          |       |       |       |     5 ||     5
Throw: Dart              |     2 |    79 |   118 |   114 ||   313
Evoke: Wand              |       |       |       |     6 ||     6
  Use: Scroll            |       |     6 |       |    20 ||    26
       Potion            |       |     4 |       |    18 ||    22
 Stab: Sleeping          |    12 |    10 |    15 |     6 ||    43
       Distracted        |       |     1 |       |       ||     1
       Invisible         |       |       |       |     1 ||     1
Armor: Robe              |    26 |    69 |    69 |    56 ||   220
       Skin              |       |       |       |   159 ||   159
Dodge: Dodged            |    76 |   121 |   133 |   170 ||   500
Block: Other             |       |       |       |    25 ||    25
       Rpst.: Scimitar   |       |       |       |     6 ||     6

Table legend:
 A = Non-vault XP
 B = Vault XP
 C = Vault XP percentage of total XP
 D = Non-vault monster count
 E = Vault monster count
 F = Vault count percentage of total count
                 A         B        C        D         E       F
            +---------+---------+-------+---------+---------+-------
      Total |    7991 |    3377 |  29.7 |     162 |      21 |  11.5
            +---------+---------+-------+---------+---------+-------
        D:1 |      27 |       0 |   0.0 |      14 |       0 |   0.0
        D:2 |      52 |       0 |   0.0 |      17 |       0 |   0.0
        D:3 |     152 |      14 |   8.4 |      23 |       2 |   8.0
        D:4 |     466 |       0 |   0.0 |      20 |       0 |   0.0
        D:5 |     749 |     381 |  33.7 |      24 |       2 |   7.7
        D:6 |    1132 |       1 |   0.1 |       5 |       1 |  16.7
        D:7 |     807 |     211 |  20.7 |      17 |       2 |  10.5
        D:8 |    1423 |       0 |   0.0 |      12 |       0 |   0.0
        D:9 |    1999 |    1966 |  49.6 |      18 |      13 |  41.9
       D:10 |     862 |       0 |   0.0 |       7 |       0 |   0.0
       D:11 |     124 |     804 |  86.6 |       3 |       1 |  25.0
     Lair:1 |     198 |       0 |   0.0 |       2 |       0 |   0.0
            +---------+---------+-------+---------+---------+-------
